 Dungeon Crawl Stone Soup version 0.29-a0-813-g4a14ea37d6 (webtiles) character file.

Game seed: 18414868193451425558

238 croobank the Sneak (level 6, -11/36 HPs)
             Began as an Octopode Fire Elementalist on July 4, 2022.
             Mangled by an ogre
             ... wielding a +0 giant club
              (29 damage)
             ... on level 4 of the Dungeon.
             The game lasted 00:07:32 (3227 turns).

croobank the Sneak (Octopode Fire Elementalist)     Turns: 3227, Time: 00:07:32

Health: -11/36     AC:  1    Str:  7    XL:     6   Next: 7%
Magic:  0/10       EV: 18    Int: 19    God:
Gold:   175        SH:  0    Dex: 13    Spells: 4/11 levels left

rFire   . . .      SeeInvis .   f - +0 whip (elec)
rCold   . . .      Faith    .   (no shield)
rNeg    . . .      Spirit   .   (helmet restricted)
rPois   .          Reflect  .   (no amulet)
rElec   .          Harm     .   d - +4 ring of evasion
rCorr   .          Rampage  .   (no ring)
Will    .....                   (no ring)
Stlth   ++++......              (no ring)
HPRegen 0.12/turn               (no ring)
MPRegen 0.12/turn               (no ring)
                                (no ring)
                                (no ring)

@: very slightly contaminated
A: almost no armour, amphibious, 8 rings, camouflage 1, gelatinous body 1,
(nimble swimmer 1), tentacles
a: no special abilities


You were on level 4 of the Dungeon.
You visited 1 branch of the dungeon, and saw 4 of its levels.

You collected 175 gold pieces.

Inventory:

Hand Weapons
 c - a +0 halberd
 e - a +0 trident
 f - a +0 whip of electrocution (weapon)
 n - a +0 dagger of draining
Missiles
 b - 8 stones
 m - 3 boomerangs
Armour
 A - an orb of guile
Magical Staves
 o - a staff of cold
 y - a staff of death
Jewellery
 d - a +4 ring of evasion (left tentacle)
 h - a ring of ice
Scrolls
 q - a scroll of blinking
 w - a scroll of teleportation
Potions
 a - a potion of magic
 g - a potion of curing
 i - a potion of ambrosia
 j - 2 potions of might
 k - a potion of heal wounds {unknown}
 l - a potion of degeneration {unknown}
 p - a potion of invisibility {unknown}
 x - a potion of brilliance {unknown}
 z - a potion of berserk rage {unknown}


   Skills:
 + Level 3.1 Dodging
 + Level 4.6 Stealth
 + Level 3.0 Spellcasting
 + Level 2.6 Conjurations
 + Level 3.9 Fire Magic


You had 4 spell levels left.
You knew the following spells:

 Your Spells              Type           Power      Damage    Failure   Level
a - Foxfire               Conj/Fire      60%        2x1d7     4%          1
b - Scorch                Fire           34%        2d6       4%          2
c - Flame Wave            Conj/Fire      15%        2d6       36%         4

Your spell library contained the following spells:

 Spells                   Type           Power      Damage    Failure   Level
 Conjure Flame            Conj/Fire      15%        6-21      12%         3
 Inner Flame              Hex/Fire       10%        N/A       21%         3
 Blink                    Tloc           4%         N/A       22%         2
 Lesser Beckoning         Tloc           2%         N/A       41%         3
 Manifold Assault         Tloc           2%         N/A       99%         5


Dungeon Overview and Level Annotations

Branches:
Dungeon (4/15)
 Temple: D:4-7

Altars:

Portals:
Abyss: D:3

Annotations:
D:3 2 transporters, chrisa4242's ghost, amateur NaFi


Innate Abilities, Weirdness & Mutations

You cannot wear most types of armour.
You are amphibious.
You can wear up to eight rings at the same time.
Your skin changes colour to match your surroundings (Stealth+).
Your rubbery body absorbs attacks. (AC +1, EV +1)
((You are camouflaged when in or above water. (Stealth+)))
You have tentacles for arms and can constrict up to eight enemies at once.


Message History

You conjure some foxfire!
The hound barks!
You hear an angry hiss.
Casting: Foxfire (safe; 4% risk of failure)
Confirm with . or Enter, or press ? or * to list all spells.
Flames lash the hound.
The hound is lightly wounded.
The hound's fire resistance burns away.
You hear a shout! x2
The foxfire hits the hound!
The hound is burned terribly!
The hound is severely wounded.
The foxfire hits the hound.
The hound is burned terribly!
You kill the hound!
Your Spellcasting skill increases to level 3!
You have reached level 6!
An ogre comes into view. It is wielding a +0 giant club.
Casting: Scorch (safe; 4% risk of failure)
Confirm with . or Enter, or press ? or * to list all spells.
You conjure some foxfire!
The foxfire hits the ogre.
The ogre is lightly wounded.
The foxfire hits the ogre.
The ogre is moderately wounded.
Casting: Foxfire (safe; 4% risk of failure)
Confirm with . or Enter, or press ? or * to list all spells.
You miscast Scorch.
You are very lightly contaminated with residual magic.
Nothing appears to happen.
Casting: Scorch (safe; 4% risk of failure)
Confirm with . or Enter, or press ? or * to list all spells.
Flames lash the ogre.
The ogre is heavily wounded.
The ogre's fire resistance burns away.
The ogre hits you with a +0 giant club!!
Ouch! That really hurt!
Casting: Scorch (safe; 4% risk of failure)
Confirm with . or Enter, or press ? or * to list all spells.
You conjure some foxfire!
The ogre hits you with a +0 giant club!!
Ouch! That really hurt!
You die...

## # . .# . .#
.##.# # #...#
#. ## ##O..#
#.#..#@.# ..
#vv.##
#.###..#
....###.)....#
.........†...#
#.#.######..#
.#...# ##.##
...#.. #..#
#....# ##.##


You could see an ogre (combustible, ally target).

Vanquished Creatures
  A necrophage (D:4)
  A hound (D:4)
  An iguana (D:4)
  4 adders
  A dart slug (D:1)
  2 orcs
  15 ball pythons
  7 endoplasms
  4 giant cockroaches
  7 goblins
  8 hobgoblins
  2 quokkas
  6 bats
  8 frilled lizards
  6 kobolds
  8 rats
81 creatures vanquished.

Vanquished Creatures (others)
  87 foxfires
87 creatures vanquished.

Grand Total: 168 creatures vanquished

Notes
Turn   | Place    | Note
-------+----------+-------------------------------------------
     0 | D:1      | croobank the Octopode Fire Elementalist began the quest for
                  | the Orb.
     0 | D:1      | Reached XP level 1. HP: 11/11 MP: 3/3
   121 | D:1      | Reached XP level 2. HP: 17/17 MP: 0/5
   203 | D:1      | Reached skill level 3 in Stealth
   290 | D:1      | Learned a level 2 spell: Scorch
   606 | D:1      | Reached XP level 3. HP: 21/21 MP: 3/6
   737 | D:1      | Found a faded altar of an unknown god.
  1408 | D:2      | Reached XP level 4. HP: 27/27 MP: 3/7
  1860 | D:3      | Learned a level 4 spell: Flame Wave
  2025 | D:3      | Found a one-way gate to the infinite horrors of the Abyss.
  2025 | D:3      | Noticed chrisa4242's ghost (amateur NaFi)
  2117 | D:3      | Found a transporter.
  2162 | D:3      | Found a transporter.
  2166 | D:3      | Noticed an ancient zyme
  2928 | D:3      | Reached skill level 4 in Stealth
  3012 | D:4      | Reached XP level 5. HP: 29/31 MP: 0/8
  3217 | D:4      | Reached XP level 6. HP: 36/36 MP: 5/10
  3227 | D:4      | Mangled by an ogre

Illustrated notes

Levels and vault maps discovered:
D:1:      lemuel_arrival_funnel, layout_basic,
          shapermc_ecumenical_altar_flowoftime, minmay_tetromino_i4
D:2:      layout_rooms
D:3:      minmay_door_path, layout_basic, gammafunk_ghost_abyssal_escape
D:4:      layout_rooms, nicolae_tso_besieged_by_evil, hangedman_decor_push,
          minmay_pentomino_pile

Skill      XL: |  1  2  3  4  5 |
---------------+----------------+-----
Stealth        | 3 4 |  4.6
Conjurations   | 2 |  2.6
Dodging        | 3 |  3.1
Spellcasting   | 3 |  3.0
Fire Magic     | |  3.9

Action                   |  1- 3 |  4- 6 || total
-------------------------+-------+-------++-------
Melee: Whip              |    29 |    22 ||    51
       Constrict         |     9 |     3 ||    12
       Tentacles         |     7 |     3 ||    10
       Unarmed           |     1 |       ||     1
 Cast: Foxfire           |    24 |    28 ||    52
       Scorch            |    13 |    11 ||    24
  Use: Scroll            |       |    13 ||    13
 Stab: Sleeping          |     4 |     6 ||    10
Armor: Skin              |     4 |       ||     4
Dodge: Dodged            |    30 |    20 ||    50

Table legend: (Time is in decaauts)
 A = Elapsed time spent in this place.
 B = Non-inter-level travel time spent in this place.
 C = Inter-level travel time spent in this place.
 D = Time resting spent in this place.
 E = Time spent auto-exploring this place.
 F = Levels seen in this place.
 G = Mean time per level.
                   A        B        C        D        E       F      G
               +--------+--------+--------+--------+--------+-----+--------+
         Total |   3231 |   3150 |     81 |    295 |   2312 |   4 |  807.8 |
       Dungeon |   3231 |   3150 |     81 |    295 |   2312 |   4 |  807.8 |
               +--------+--------+--------+--------+--------+-----+--------+

Top non-repeatable levels by time:
     D:3: 1213 daAuts
     D:1: 1100 daAuts
     D:2: 755 daAuts
     D:4: 162 daAuts
